 Dungeon Crawl Stone Soup version 0.21.1-1-g345015f (webtiles) character file.

89 goulibeur the Unweaver (level 4, -3/35 HPs)
             Began as a Demonspawn Abyssal Knight on July 15, 2018.
             Was a Follower of Lugonu.
             Slain by an ogre
             ... wielding a +0 giant club
              (18 damage)
             ... on level 3 of the Dungeon.
             The game lasted 00:08:05 (3431 turns).

goulibeur the Unweaver (Demonspawn Abyssal Knight)  Turns: 3431, Time: 00:08:06

Health: -3/35      AC:  6    Str: 13    XL:     4   Next: 31%
Magic:  7/7        EV: 11    Int: 13    God:    Lugonu [*.....]
Gold:   149        SH:  0    Dex: 13    Spells: 3/3 levels left

rFire    . . .     SeeInvis .   a - +1 short sword
rCold    . . .     Gourm    .   (no shield)
rNeg     . . .     Faith    .   j - +0 ring mail
rPois    .         Spirit   .   (no helmet)
rElec    .         Reflect  .   (no cloak)
rCorr    .         Harm     .   (no gloves)
MR       .....                  p - +0 pair of boots
Stlth    ++........             (no amulet)
HPRegen  0.11/turn              (no ring)
MPRegen  0.10/turn              (no ring)

@: no status effects
A: talons 1, nightstalker 1, rot immunity
a: Depart the Abyss, Renounce Religion


You were on level 3 of the Dungeon.
You worshipped Lugonu.
Lugonu was aware of your devotion.
You were hungry.

You visited 1 branch of the dungeon, and saw 3 of its levels.
You visited the Abyss 1 time.

You collected 149 gold pieces.

Inventory:

Hand Weapons
 a - a +1 short sword (weapon)
Armour
 b - a +0 leather armour
 j - a +0 ring mail (worn)
 p - a +0 pair of boots (worn)
Jewellery
 g - a +2 ring of evasion {unknown}
 u - a cursed ring of teleportation {unknown}
Wands
 t - a wand of paralysis (17)
Scrolls
 f - a scroll of immolation {unknown}
 i - 5 scrolls of identify {unknown}
 k - a scroll of teleportation {unknown}
 l - a scroll of fog {unknown}
 m - a scroll of random uselessness {unknown}
 n - a scroll of noise {unknown}
 o - a scroll of blinking {unknown}
 q - a scroll of amnesia {unknown}
 s - 2 scrolls of remove curse {unknown}
Potions
 d - a potion of might {unknown}
 e - a potion of heal wounds {unknown}
 h - a potion of flight {unknown}
 r - a potion of agility {unknown}
Comestibles
 c - 5 rations


   Skills:
 + Level 3.5 Fighting
 - Level 1.7 Short Blades
 + Level 2.3 Armour
 + Level 1.7 Dodging
 * Level 4.2 Invocations


You had 3 spell levels left.
You didn't know any spells.

Dungeon Overview and Level Annotations

Branches:
Dungeon (3/15)

Altars:
Elyvilon
Gozag
Vehumet
Xom

Annotations:
D:3 Exporg's ghost, amateur HOFi


Innate Abilities, Weirdness & Mutations

You have sharp toenails.
You are slightly more attuned to the shadows.
You are immune to rotting.


Message History

Ouch! That really hurt!
* * * LOW HITPOINT WARNING * * *
You see here a club.
You see here a club.
You are feeling hungry.
You see here a club.
You see here 4 bolts.
Found a scroll labeled QIMYDAGEPLA.
All of the chunks of flesh in your inventory have rotted away.
Exporg's ghost turns its malevolent gaze towards you.
You hit the ogre.
The ogre is moderately wounded.
You hit the ogre but do no damage.
The ogre is moderately wounded.
The ogre hits you with a giant club!
You hit the ogre.
The ogre is moderately wounded.
The ogre hits you with a giant club!!
Ouch! That really hurt!
You die...

#.# #.# #.....## ##..# #.#
#.#
##.########.###...####.###
#.#
#..........#.#.#..#......#
#.#
#..#######(##...)......#.#
#..# #............####.#
#..# #.#.#####..### #.#
#..# #.#.# #..# #.# ##
#..# # #.# #..# #.#
.######..# #@# #..# ##.#
..##.....# #O# #W.# #..#
..##.##.## #W# #..#####.##
.....##.#
##.#####.....##.#
......#.#
#....W...###.##.#
....#.#.# #..#######
#.##.# ..###.#.. ?....#
#.##.# ...# #### ##.#.##
#.##.# ..## #.#. #.##.#


You could see an ogre and Exporg's ghost.

Vanquished Creatures
  A gnoll (D:1)
  2 adders (D:3)
  2 oozes (D:2)
  3 dart slugs
  A leopard gecko (D:1)
  3 bats
  A giant cockroach (D:2)
  9 hobgoblins
  7 jackals
  A quokka (D:2)
  A ball python (D:2)
  6 frilled lizards
  3 goblins
  3 kobolds
  3 rats (D:1)
46 creatures vanquished.

Notes
Turn   | Place    | Note
-------+----------+-------------------------------------------
     0 | Abyss:1  | goulibeur the Demonspawn Abyssal Knight began the quest for the Orb.
     0 | Abyss:1  | Reached XP level 1. HP: 18/18 MP: 2/2
    74 | Abyss:1  | Noticed an earth elemental
    75 | D:1      | Escaped the Abyss
    99 | D:1      | Reached skill level 1 in Dodging
   362 | D:1      | Gained mutation: You have sharp toenails. [demonic ancestry]
   362 | D:1      | Reached XP level 2. HP: 24/24 MP: 4/4
   398 | D:1      | Reached skill level 3 in Invocations
   462 | D:1      | Reached * piety under Lugonu
   811 | D:1      | Gained mutation: You are slightly more attuned to the shadows. [demonic ancestry]
   811 | D:1      | Reached XP level 3. HP: 4/29 MP: 5/5
  1157 | D:1      | Found a stormy altar of Qazlal.
  1158 | D:1      | Found a radiant altar of Vehumet.
  1158 | D:1      | Found a shimmering altar of Xom.
  1169 | D:1      | Found a blossoming altar of Fedhas.
  1169 | D:1      | Found an opulent altar of Gozag.
  1169 | D:1      | Found a white marble altar of Elyvilon.
  2254 | D:3      | Reached skill level 4 in Invocations
  2254 | D:3      | Gained mutation: You are immune to rotting. [demonic ancestry]
  2254 | D:3      | Reached XP level 4. HP: 35/35 MP: 5/7
  2299 | D:3      | Noticed Exporg's ghost (amateur HOFi)
  2855 | D:3      | Noticed an ogre
  3431 | D:3      | Slain by an ogre

Skill      XL: |  1  2  3 |
---------------+----------+-----
Dodging        | 1 |  1.7
Invocations    | 3 4 |  4.2
Armour         | 2 |  2.3
Fighting       | |  3.5
Short Blades   | |  1.7

Action                   |  1- 3 |  4- 6 || total
-------------------------+-------+-------++-------
Melee: Short sword       |   115 |    66 ||   181
       Kick              |     5 |       ||     5
Invok: Depart the Abyss  |     1 |       ||     1
Evoke: Wand              |       |     2 ||     2
 Stab: Sleeping          |     3 |       ||     3
  Eat: Chunk             |     4 |     3 ||     7
Armor: Leather armour    |    11 |       ||    11
       Ring mail         |    38 |    23 ||    61
Dodge: Dodged            |    70 |    39 ||   109
